 Dungeon Crawl Stone Soup version 0.26.0-10-g1f06aea511 (webtiles) character file.

Game seed: 18176486768795787554

66 Arthanis the Firebug (level 3, -2/19 HPs)
             Began as a Deep Elf Fire Elementalist on Jan 20, 2021.
             Slain by Terence
             ... wielding a +0 short sword
              (5 damage)
             ... on level 2 of the Dungeon.
             The game lasted 00:03:40 (2176 turns).

Arthanis the Firebug (Deep Elf Fire Elementalist)   Turns: 2176, Time: 00:03:40

Health: -2/19      AC:  2    Str:  5    XL:     3   Next: 96%
Magic:  0/10       EV: 13    Int: 20    God:
Gold:   64         SH:  0    Dex: 15    Spells: 8/9 levels left

rFire    . . .     SeeInvis .   (no weapon)
rCold    . . .     Faith    .   (no shield)
rNeg     . . .     Spirit   .   a - +0 robe
rPois    .         Reflect  .   (no helmet)
rElec    .         Harm     .   (no cloak)
rCorr    .         Rampage  .   (no gloves)
Will     .....                  (no boots)
Stlth    ++........             (no amulet)
HPRegen  0.06/turn              (no ring)
MPRegen  0.12/turn              (no ring)

@: no status effects
A: no striking features
a: no special abilities


You were on level 2 of the Dungeon.
You visited 1 branch of the dungeon, and saw 3 of its levels.

You collected 64 gold pieces.

Inventory:

Armour
 a - a +0 robe (worn)
Scrolls
 e - a scroll of fog {unknown}
 g - 2 scrolls of immolation {unknown}
 h - 3 scrolls of remove curse {unknown}
Potions
 b - a potion of attraction {unknown}
 c - a potion of lignification
 d - a potion of curing {unknown}
 f - a potion of magic {unknown}


   Skills:
 - Level 2.4 Dodging
 - Level 2.4 Stealth
 + Level 3.8 Spellcasting
 + Level 2.2 Conjurations
 * Level 4.5 Fire Magic


You had 8 spell levels left.
You knew the following spells:

 Your Spells              Type           Power        Failure   Level
a - Foxfire               Conj/Fire      68%          3%          1

Your spell library contained the following spells:

 Spells                   Type           Power        Failure   Level
 Conjure Flame            Conj/Fire      17%          10%         3
 Inner Flame              Hex/Fire       12%          16%         3
 Sticky Flame             Conj/Fire      17%          32%         4
 Fireball                 Conj/Fire      8%           67%         5


Dungeon Overview and Level Annotations

Branches:
Dungeon (3/15)

Altars:
Xom

Annotations:
D:2 Terence


Message History

Casting: Foxfire (safe; 3% risk of failure)
Confirm with . or Enter, or press ? or * to list all spells.
You conjure some foxfire!
The foxfire hits Terence.
Terence is severely wounded.
The foxfire hits Terence.
Terence is severely wounded.
The foxfire hits Terence but does no damage.
Terence is severely wounded.
Terence hits you with a +0 short sword.
* * * LOW HITPOINT WARNING * * *
Casting: Foxfire (safe; 3% risk of failure)
Confirm with . or Enter, or press ? or * to list all spells.
You conjure some foxfire!
The foxfire hits Terence but does no damage.
Terence is severely wounded.
The foxfire hits Terence but does no damage.
Terence is severely wounded.
Terence asks, "Do you want it fast or slow?"
Terence hits you with a +0 short sword.
You die...

.#.# #...####..@>......####
..... #.##...............#
##....#.#..##.#.........##
..........###.#.........#
........(####.#.........#
..............#.........#
.............##§........#
#..............§v........#
#..............v@@..........$.#
#.............##..............#
#.........(...###.............#
#.......#.##### ##............#
###..###..# ##.#.........#
#........## ............#
..#...#### .............#
.....## ... .#..##


You could see Terence.

Vanquished Creatures
  Robin (D:3)
  An adder (D:2)
  A worm (D:3)
  3 dart slugs
  A leopard gecko (D:1)
  An orc (D:3)
  2 giant cockroaches (D:1)
  9 hobgoblins
  3 jackals (D:3)
  2 kobolds (D:1)
  2 bats
  3 frilled lizards (D:1)
  2 goblins
  3 rats (D:1)
34 creatures vanquished.

Vanquished Creatures (others)
  187 foxfires
187 creatures vanquished.

Grand Total: 221 creatures vanquished

Notes
Turn   | Place    | Note
-------+----------+-------------------------------------------
     0 | D:1      | Arthanis the Deep Elf Fire Elementalist began the quest for
                  | the Orb.
     0 | D:1      | Reached XP level 1. HP: 10/10 MP: 6/6
   528 | D:1      | Reached XP level 2. HP: 15/15 MP: 1/8
   660 | D:1      | Found a shimmering altar of Xom.
  1557 | D:2      | Noticed Terence
  1566 | D:2      | Reached skill level 4 in Fire Magic
  1650 | D:3      | Reached XP level 3. HP: 16/19 MP: 5/10
  1778 | D:3      | Noticed Robin
  1790 | D:3      | Killed Robin
  1841 | D:2      | HP: 1/28 [poisoned by an adder]
  2176 | D:2      | Slain by Terence

Illustrated notes

Levels and vault maps discovered:
D:1:      onia_arrival_mini_maze_b, layout_basic, minmay_misc_feat_rows,
          xom_teletrap_fun
D:2:      layout_rooms, uniq_terence
D:3:      layout_loops_cross, kennysheep_nondescript, uniq_robin

Skill      XL: |  1  2  3 |
---------------+----------+-----
Fire Magic     | 4 |  4.5
Conjurations   | 2 |  2.2
Dodging        | |  2.4
Stealth        | |  2.4
Spellcasting   | |  3.8

Action                   || total
-------------------------++-------
Melee: Unarmed           ||     3
 Cast: Foxfire           ||   117
  Use: Potion            ||     1
Armor: Robe              ||     4
       Skin              ||     3
Dodge: Dodged            ||    30
